 Dungeon Crawl Stone Soup version 0.31.0-12-g77e489cdc1 (webtiles) character file.

Game seed: 5799860568124080160

498 Gadfly the Ruffian (level 7, -1/46 HPs)
             Began as an Octopode Shapeshifter on Feb 23, 2024.
             Slain by an iguana (14 damage)
             ... on level 5 of the Dungeon.
             The game lasted 00:04:49 (4153 turns).

Gadfly the Ruffian (Octopode Shapeshifter)          Turns: 4153, Time: 00:04:49

Health: -1/46      AC:  1    Str: 14 (15) XL:     7   Next: 16%
Magic:  7/7        EV: 13    Int: 12 (13) God:
Gold:   289        SH:  0    Dex:  8 (11) Spells: 6/6 levels left

rFire   . .          .
                       - Unarmed
rCold   . . .        (no shield)
rNeg    . . .        (helmet currently unavailable)
rPois   .            (no amulet)
rElec   .            (no ring)
rCorr   .            (no ring)
SInv    .            (no ring)
Will    .....        (no ring)
Stlth   ++           (no ring)
HPRegen 0.27/turn    (no ring)
MPRegen 0.10/turn    (no ring)
                     (no ring)

%: no passive effects
@: beast-form
A: beast (slay +2), almost no armour, amphibious, 8 rings, camouflage 1,
gelatinous body 1, (nimble swimmer 1), tentacles
a: Begin Untransformation


You were on level 5 of the Dungeon.
You were a hulking beast.
You visited 1 branch of the dungeon, and saw 5 of its levels.

You collected 289 gold pieces.

Inventory:

Hand Weapons
 e - a +4 whip
 m - a +0 hand axe of flaming
Jewellery
 p - a ring of positive energy
Talismans
 b - a beast talisman
 c - a flux talisman
 h - a maw talisman
 j - a serpent talisman
 n - a beast talisman
Scrolls
 k - 2 scrolls of teleportation
 o - 2 scrolls of identify
Potions
 a - a potion of lignification
 d - 4 potions of curing
 f - a potion of heal wounds
 g - a potion of cancellation
 i - a potion of attraction {unknown}
 l - a potion of mutation {unknown}


   Skills:
 + Level 3.1 Fighting
 + Level 3.5 Dodging
 + Level 2.7 Shields
 + Level 4.1 Unarmed Combat
 + Level 2.7 Evocations
 + Level 4.0 Shapeshifting


You had 6 spell levels left.
You didn't know any spells.
Your spell library was empty.

Dungeon Overview and Level Annotations

Branches:
Dungeon (5/15)
 Temple: D:4-7

Altars:


Innate Abilities, Weirdness & Mutations

You are a hulking beast.
Your limbs bulge with bestial killing power. (Slay +2)
You cannot wear most types of armour.
You are amphibious.
You can wear up to eight rings at the same time.
Your skin changes colour to match your surroundings (Stealth+).
Your rubbery body absorbs attacks. (AC +1, EV +1)
((You are camouflaged when in or above water. (Stealth+)))
You have tentacles for arms and can constrict up to eight enemies at once.


Message History

There is a stone staircase leading down here.
An ogre and an iguana come into view.
An ice beast comes into view.
The helpless ogre fails to defend itself.
You bludgeon the ogre! Your squeeze misses the ogre.
The ogre is moderately wounded.
The ogre barely misses you. The iguana closely misses you.
You barely miss the ogre.
The ogre is moderately wounded.
The iguana bites you!
You tentacle-slap the ogre. You squeeze the ogre!
The ogre is heavily wounded.
The ogre closely misses you.
You tentacle-slap the ogre.
The ogre is severely wounded.
The iguana bites you.
You bludgeon the ogre!
The ogre is almost dead.
The ogre hits you with a +0 giant club. The iguana bites you!
* * * LOW HITPOINT WARNING * * *
You are too injured to fight recklessly!
You are too injured to fight recklessly!
You are too injured to fight recklessly!
You are too injured to fight recklessly!
You are too injured to fight recklessly!
You are too injured to fight recklessly!
You are too injured to fight recklessly!
You are too injured to fight recklessly!
You are too injured to fight recklessly!
You are too injured to fight recklessly!
You are too injured to fight recklessly!
You are too injured to fight recklessly!
Unknown command.
You barely miss the ogre.
The ogre is almost dead.
The iguana barely misses you. The ogre closely misses you.
You tentacle-slap the ogre.
You kill the ogre!
The iguana bites you!
You die...

#.###.## #..#
#.# ### #..####
#.#
########.....##
#.#
#.........##..#
#.#
#.###########.#
#.# ####.....#
#.# #......###
#.# ...####.#
#.# . #)h..#
#.# #..l#..#
#.# #..Y.#.###
#.# #....##.#.#
..# #...# ..#.#
### #...# .##.#
.# #.## .###.#
.# #. #.#.# #
#####.#.#


You could see an ice beast and an iguana.

Vanquished Creatures
  An ogre (D:5)
  An ice beast (D:4)
  A jelly (D:4)
  A bombardier beetle (D:4)
  A sleepcap (D:4)
  5 iguanas
  6 adders
  2 ufetubi (D:5)
  2 ribbon worms (D:4)
  4 dart slugs
  4 orcs
  9 bats
  10 endoplasms
  2 giant cockroaches
  12 goblins
  11 hobgoblins
  9 jackals
  9 quokkas
  7 ball pythons
  4 frilled lizards
  4 kobolds
  3 rats
108 creatures vanquished.

Notes
Turn   | Place    | Note
-------+----------+-------------------------------------------
     0 | D:1      | Gadfly the Octopode Shapeshifter began the quest for the
                  | Orb.
     0 | D:1      | Reached XP level 1. HP: 13/13 MP: 1/1
   227 | D:1      | Reached XP level 2. HP: 16/18 MP: 2/2
   467 | D:1      | Reached XP level 3. HP: 22/23 MP: 3/3
   471 | D:1      | Reached skill level 1 in Evocations
   810 | D:2      | Reached skill level 1 in Shields
   904 | D:2      | Reached XP level 4. HP: 29/29 MP: 4/4
  1818 | D:3      | Reached XP level 5. HP: 33/34 MP: 5/5
  2148 | D:4      | Noticed an ice beast
  2159 | D:4      | Killed an ice beast
  2160 | D:4      | Reached XP level 6. HP: 11/41 MP: 6/6
  2581 | D:4      | HP: 2/41 [iguana (15)]
  3523 | D:5      | Entered Level 5 of the Dungeon
  3604 | D:5      | Reached XP level 7. HP: 39/46 MP: 7/7
  4153 | D:5      | Slain by an iguana

Illustrated notes

Levels and vault maps discovered:
D:1:      minmay_arrival_doors, layout_basic, minivault_4
D:2:      minmay_spotlight, layout_basic, chequers_serial_rivers_large_b
D:3:      layout_basic
D:4:      minmay_diamond_boxcup, layout_basic
D:5:      minmay_evil_eye, layout_loops_ring

Skill      XL: |  1  2  3  4  5  6  7 |
---------------+----------------------+-----
Evocations     | 1 2 |  2.7
Shields        | 1 2 |  2.7
Fighting       | 2 3 |  3.1
Dodging        | 3 |  3.5
Unarmed Combat | 4 |  4.1
Shapeshifting  | 4 |  4.0

Action                     |  1- 3 |  4- 6 |  7- 9 || total
---------------------------+-------+-------+-------++-------
  Melee: Unarmed           |    68 |   149 |    21 ||   238
         Constrict         |    17 |    37 |     3 ||    57
         Tentacles         |     9 |    37 |     6 ||    52
         Punch             |     1 |     2 |     1 ||     4
    Use: Scroll            |     3 |     4 |       ||     7
         Potion            |     1 |     2 |       ||     3
   Stab: Sleeping          |     6 |    11 |     1 ||    18
 Armour: Skin              |    21 |    59 |    11 ||    91
  Dodge: Dodged            |    49 |    99 |    17 ||   165
